AoeStats
← с упругой

MegaRandom

509142579Analyzed
4v4 RM · 7d ago on Sep 25, 2026· 19m 8s· 8 players
Game mode
Random Map
Map size
Large (8 player)
Population
200
Speed
Normal
Resources
Standard
Victory
Conquest
Starting age
Dark Age
Ending age
Imperial Age
RankedLock teamsTeams togetherTeam positionsShared explorationLock speedFull tech treeHidden civsTurbo modeCheats
Victory
Defeat
🇷🇺 Japanese · Russia
1658
+11
🇧🇾 Wu · Belarus
1609
+13
🇧🇾 Saracens · Belarus
1553
+15
🇧🇾 Byzantines · Belarus
1532
+16
🇹🇼 Lithuanians · Taiwan
1586
-16
🇨🇿 Burmese · Czechia
1553
-14
🇷🇺 Italians · Russia
1515
-13
🇦🇷 Vikings · Argentina
1486
-12
с упругой
4:27 Loom
9:41 Feudal Age
10:52 Double-Bit Axe
11:15 Horse Collar
Chim cu đi tắm
7:22 Loom
9:45 Feudal Age
10:23 Double-Bit Axe
13:37 Fletching
14:48 Padded Archer Armor
14:43 Horse Collar
好奇小牛
9:29 Feudal Age
9:05 Loom
11:23 Scale Barding Armor
20:02 Castle Age
17:51 Double-Bit Axe
17:49 Horse Collar
18:44 Gold Mining
DetectiveYemitoShumafuk
1:02 Loom
Zyzz
4:27 Loom
15:23 Feudal Age
19:14 Double-Bit Axe
DzeDanik
4:36 Loom
10:55 Feudal Age
16:25 Castle Age
16:05 Bloodlines
16:27 Scale Barding Armor
ponuno
10:12 Feudal Age
14:10 Castle Age
12:57 Double-Bit Axe
15:34 Bow Saw
16:24 Fletching
19:09 Bodkin Arrow
PromoART
6:30 Loom
8:49 Feudal Age
12:14 Fletching
19:18 Padded Archer Armor
Connection lost

Rejoining the realm…

Still unreachable

The connection could not be restored.

Session expired

The server has moved on; the page needs a fresh start.